General information
- name: BNet
- type: Ladder team game (AT/RT)
- host: Battle.net
- saver: BEAR_AND
map: CopperCanyon
- players: 6
- length: 26:01
- speed: Fast
- version: 1.26 W3XP
- replay type:

» download(188 KB)
Players
team 1 (winner)
BEAR_AND (
red | 107 APM | 2792 actions | 26:01)
5 Warden
3 Shadow Strike
1 Fan of Knives
1 Blink
» actions
| Assign group hotkey | 5 | |
| Basic commands | 2 | |
| Build / train | 60 | |
| ESC pressed | 4 | |
| Enter build submenu | 14 | |
| Enter hero's abilities submenu | 6 | |
| Give item / drop item | 2 | |
| Right click | 1934 | |
| Select / deselect | 181 | |
| Select group hotkey | 468 | |
| Use ability | 116 | |
2792 total
» units
» upgrades
| Ultravision | 1 | |
| Well Spring | 1 | |
| Strength of the Wild | 2 | |
| Nature's Blessing | 1 | |
| Corrosive Breath | 1 | |
6 total
» buildings
| Altar of Elders | 1 | |
| Moon Well | 8 | |
| Tree of Ages | 1 | |
| Hunter's Hall | 1 | |
| Ancient of Wonders | 1 | |
| Tree of Life | 2 | |
| Tree of Eternity | 2 | |
| Ancient of Wind | 1 | |
| Chimaera Roost | 1 | |
18 total
» build order
00:09 Altar of Elders
00:17 Moon Well
01:07 Moon Well
04:47 Tree of Ages
06:00 Moon Well
06:01 Moon Well
06:22 Hunter's Hall
07:01 Ancient of Wonders
07:58 Moon Well
07:58 Moon Well
08:01 Moon Well
08:25 Tree of Life
08:31 Tree of Eternity
09:26 Moon Well
10:40 Tree of Eternity
10:43 Ancient of Wind
13:42 Chimaera Roost
18:00 Tree of Life
» items
| Boots of Speed | 1 | |
| Staff of Teleportation | 1 | |
| Tome of Retraining | 1 | |
| Healing Salve | 2 | |
| Lesser Clarity Potion | 4 | |
| Orb of Lightning | 1 | |
| Potion of Healing | 1 | |
11 total
DeRPALeRT (
green | 121 APM | 3148 actions | 26:00)
4 Blademaster
2 Wind Walk
2 Critical Strike
2 Shadow Hunter
1 Healing Wave
1 Hex
2 Tauren Chieftain
1 Shockwave
1 Endurance Aura
» actions
| Assign group hotkey | 18 | |
| Basic commands | 129 | |
| Build / train | 65 | |
| ESC pressed | 4 | |
| Enter build submenu | 65 | |
| Enter hero's abilities submenu | 8 | |
| Give item / drop item | 2 | |
| Right click | 1528 | |
| Select / deselect | 337 | |
| Select group hotkey | 850 | |
| Use ability | 141 | |
3148 total
» units
» upgrades
| Liquid Fire | 1 | |
| Ranged Weapons | 3 | |
| Reinforced Defenses | 1 | |
| Armor | 2 | |
7 total
» buildings
| Altar of Storms | 1 | |
| Orc Burrow | 4 | |
| War Mill | 1 | |
| Watch Tower | 39 | |
| Voodoo Lounge | 3 | |
| Stronghold | 2 | |
| Great Hall | 4 | |
| Fortress | 2 | |
| Beastiary | 2 | |
58 total
» build order
00:07 Altar of Storms
00:23 Orc Burrow
00:31 War Mill
01:33 Orc Burrow
01:46 Watch Tower
02:08 Watch Tower
02:36 Watch Tower
03:09 Watch Tower
03:40 Watch Tower
03:41 Watch Tower
04:17 Voodoo Lounge
04:21 Voodoo Lounge
04:42 Stronghold
04:42 Stronghold
04:48 Watch Tower
04:50 Watch Tower
05:00 Watch Tower
05:10 Watch Tower
06:00 Watch Tower
06:00 Watch Tower
06:12 Watch Tower
06:25 Watch Tower
06:59 Great Hall
07:10 Voodoo Lounge
07:18 Watch Tower
07:18 Watch Tower
07:21 Watch Tower
07:21 Watch Tower
07:49 Fortress
07:49 Fortress
07:55 Beastiary
07:58 Beastiary
08:26 Watch Tower
08:27 Watch Tower
08:46 Watch Tower
09:23 Watch Tower
09:25 Watch Tower
09:49 Watch Tower
09:49 Watch Tower
10:24 Watch Tower
10:58 Watch Tower
12:00 Watch Tower
12:56 Watch Tower
12:59 Watch Tower
13:23 Watch Tower
14:00 Watch Tower
14:02 Watch Tower
14:25 Orc Burrow
14:37 Watch Tower
16:44 Orc Burrow
21:35 Great Hall
22:46 Watch Tower
22:47 Watch Tower
24:00 Watch Tower
24:04 Watch Tower
24:37 Watch Tower
25:16 Great Hall
25:23 Great Hall
» items
| Healing Salve | 4 | |
| Lesser Clarity Potion | 3 | |
| Orb of Lightning | 2 | |
9 total
timg4strok (
yellow | 109 APM | 2824 actions | 26:00)
5 Archmage
3 Blizzard
2 Brilliance Aura
2 Mountain King
1 Storm Bolt
1 Bash
2 Paladin
1 Holy Light
1 Divine Shield
» actions
| Assign group hotkey | 6 | |
| Basic commands | 95 | |
| Build / train | 114 | |
| ESC pressed | 3 | |
| Enter build submenu | 99 | |
| Enter hero's abilities submenu | 9 | |
| Give item / drop item | 5 | |
| Right click | 1270 | |
| Select / deselect | 329 | |
| Select group hotkey | 633 | |
| Use ability | 261 | |
2824 total
» units
» upgrades
| Masonry | 3 | |
| Magic Sentry | 1 | |
| Lumber Harvesting | 1 | |
5 total
» buildings
| Lumber Mill | 1 | |
| Altar of Kings | 1 | |
| Farm | 2 | |
| Scout Tower | 140 | |
| Arcane Tower | 4 | |
| Guard Tower | 56 | |
| Town Hall | 1 | |
| Keep | 1 | |
| Arcane Vault | 1 | |
| Castle | 1 | |
| Arcane Sanctum | 1 | |
209 total
» build order
00:12 Lumber Mill
00:16 Altar of Kings
00:24 Farm
00:55 Scout Tower
01:06 Scout Tower
01:25 Arcane Tower
01:30 Scout Tower
01:47 Scout Tower
01:53 Farm
01:59 Arcane Tower
01:59 Arcane Tower
02:00 Arcane Tower
02:03 Guard Tower
02:04 Scout Tower
02:24 Guard Tower
02:25 Scout Tower
02:32 Guard Tower
02:33 Scout Tower
02:54 Guard Tower
02:55 Scout Tower
03:32 Guard Tower
03:34 Scout Tower
03:34 Scout Tower
03:36 Guard Tower
03:37 Scout Tower
03:38 Scout Tower
03:39 Scout Tower
03:40 Scout Tower
04:11 Guard Tower
04:31 Guard Tower
04:32 Scout Tower
04:35 Guard Tower
04:52 Scout Tower
04:53 Scout Tower
04:55 Scout Tower
04:57 Scout Tower
05:04 Guard Tower
05:05 Scout Tower
05:06 Scout Tower
05:07 Scout Tower
05:44 Town Hall
05:51 Scout Tower
05:52 Scout Tower
05:53 Scout Tower
05:55 Guard Tower
05:58 Guard Tower
06:13 Guard Tower
06:44 Guard Tower
06:53 Scout Tower
06:54 Scout Tower
06:54 Scout Tower
06:55 Scout Tower
07:08 Keep
07:11 Guard Tower
07:16 Scout Tower
07:17 Scout Tower
07:28 Scout Tower
07:47 Guard Tower
07:48 Scout Tower
07:49 Scout Tower
07:52 Guard Tower
07:57 Scout Tower
07:57 Scout Tower
08:00 Guard Tower
08:04 Guard Tower
08:04 Guard Tower
08:07 Scout Tower
08:08 Scout Tower
08:22 Scout Tower
08:22 Scout Tower
08:24 Guard Tower
08:26 Arcane Vault
08:38 Guard Tower
08:39 Scout Tower
08:40 Scout Tower
08:40 Scout Tower
08:41 Scout Tower
09:05 Guard Tower
09:07 Scout Tower
09:08 Scout Tower
09:09 Guard Tower
09:09 Guard Tower
09:22 Guard Tower
09:24 Scout Tower
09:25 Scout Tower
09:29 Guard Tower
10:40 Guard Tower
10:44 Guard Tower
10:47 Scout Tower
11:11 Castle
11:12 Arcane Sanctum
11:15 Scout Tower
11:15 Scout Tower
12:11 Scout Tower
12:12 Scout Tower
12:12 Scout Tower
12:13 Scout Tower
12:14 Scout Tower
12:32 Scout Tower
12:33 Scout Tower
12:34 Scout Tower
12:34 Scout Tower
12:45 Guard Tower
12:51 Scout Tower
12:52 Scout Tower
12:52 Scout Tower
12:53 Scout Tower
12:53 Scout Tower
12:54 Scout Tower
12:55 Scout Tower
12:56 Scout Tower
12:57 Scout Tower
13:22 Guard Tower
13:26 Scout Tower
13:27 Scout Tower
13:28 Scout Tower
13:29 Scout Tower
13:30 Guard Tower
13:33 Guard Tower
13:38 Scout Tower
13:54 Guard Tower
14:03 Guard Tower
14:06 Scout Tower
14:23 Guard Tower
14:28 Scout Tower
14:28 Scout Tower
14:29 Scout Tower
14:30 Scout Tower
14:32 Scout Tower
14:32 Scout Tower
14:33 Scout Tower
14:34 Scout Tower
14:35 Scout Tower
14:36 Scout Tower
14:38 Scout Tower
14:38 Guard Tower
14:40 Scout Tower
14:41 Scout Tower
15:18 Scout Tower
15:19 Scout Tower
15:20 Scout Tower
15:21 Scout Tower
15:21 Scout Tower
15:22 Scout Tower
16:27 Guard Tower
17:06 Guard Tower
17:25 Guard Tower
17:32 Scout Tower
17:32 Scout Tower
17:33 Scout Tower
17:34 Scout Tower
18:01 Guard Tower
18:02 Guard Tower
18:03 Guard Tower
18:23 Scout Tower
18:23 Scout Tower
18:24 Scout Tower
18:25 Scout Tower
18:25 Scout Tower
18:26 Scout Tower
18:28 Scout Tower
18:28 Scout Tower
18:29 Scout Tower
18:56 Guard Tower
18:56 Guard Tower
18:59 Scout Tower
19:00 Scout Tower
19:00 Scout Tower
19:02 Scout Tower
19:02 Scout Tower
19:03 Scout Tower
19:23 Guard Tower
20:26 Guard Tower
20:42 Guard Tower
20:43 Guard Tower
20:44 Guard Tower
20:48 Guard Tower
20:48 Guard Tower
20:49 Guard Tower
20:58 Scout Tower
20:59 Scout Tower
20:59 Scout Tower
21:01 Scout Tower
21:01 Scout Tower
21:02 Scout Tower
22:13 Guard Tower
22:14 Scout Tower
22:15 Scout Tower
22:16 Scout Tower
22:17 Scout Tower
22:17 Scout Tower
22:17 Scout Tower
22:18 Scout Tower
22:18 Scout Tower
22:19 Scout Tower
22:20 Scout Tower
22:20 Scout Tower
22:21 Scout Tower
22:22 Scout Tower
22:23 Scout Tower
22:24 Scout Tower
24:49 Guard Tower
24:52 Scout Tower
24:53 Scout Tower
24:54 Scout Tower
24:56 Scout Tower
24:56 Scout Tower
24:58 Scout Tower
24:59 Guard Tower
» items
| Staff of Teleportation | 3 | |
| Boots of Speed | 3 | |
| Healing Salve | 1 | |
| Lesser Clarity Potion | 1 | |
| Staff of Sanctuary | 3 | |
| Scroll of Town Portal | 1 | |
| Orb of Lightning | 3 | |
15 total
team 2 (loser)
AguaLung (
purple | 60 APM | 1441 actions | 24:06)
2 Paladin
1 Holy Light
1 Devotion Aura
1 Mountain King
1 Storm Bolt
» actions
| Assign group hotkey | 49 | |
| Build / train | 69 | |
| Enter build submenu | 35 | |
| Enter hero's abilities submenu | 3 | |
| Remove unit from queue | 5 | |
| Right click | 493 | |
| Select / deselect | 277 | |
| Select group hotkey | 441 | |
| Use ability | 69 | |
1441 total
» units
| Peasant | 16 | |
| Footman | 14 | |
| Siege Engine | 6 | |
| Knight | 4 | |
40 total
» upgrades
| Defend | 1 | |
| Plating | 2 | |
| Lumber Harvesting | 1 | |
| Barrage | 1 | |
| Animal War Training | 1 | |
6 total
» buildings
| Altar of Kings | 1 | |
| Farm | 10 | |
| Arcane Vault | 1 | |
| Barracks | 1 | |
| Scout Tower | 10 | |
| Arcane Tower | 1 | |
| Blacksmith | 1 | |
| Lumber Mill | 1 | |
| Keep | 1 | |
| Guard Tower | 5 | |
| Castle | 1 | |
| Workshop | 2 | |
| Town Hall | 1 | |
36 total
» build order
00:06 Altar of Kings
00:08 Farm
00:27 Arcane Vault
01:08 Barracks
01:37 Farm
01:57 Scout Tower
02:12 Farm
03:01 Arcane Tower
03:41 Scout Tower
05:53 Blacksmith
06:33 Farm
07:22 Scout Tower
07:29 Lumber Mill
07:56 Keep
08:03 Scout Tower
08:35 Guard Tower
10:25 Castle
10:44 Workshop
10:53 Guard Tower
11:16 Workshop
11:33 Farm
11:38 Farm
12:19 Farm
12:32 Farm
17:39 Town Hall
17:45 Scout Tower
17:46 Scout Tower
19:34 Farm
19:34 Farm
19:48 Guard Tower
19:51 Scout Tower
19:52 Scout Tower
20:35 Guard Tower
21:26 Guard Tower
22:15 Scout Tower
22:15 Scout Tower
» items
| Scroll of Regeneration | 3 | |
| Lesser Clarity Potion | 2 | |
5 total
HBW-StonerCraft (
blue | 39 APM | 883 actions | 22:47)
4 Crypt Lord
2 Carrion Beetles
2 Spiked Carapace
1 Death Knight
1 Death Coil
» actions
| Basic commands | 112 | |
| Build / train | 57 | |
| Enter build submenu | 20 | |
| Enter hero's abilities submenu | 5 | |
| Give item / drop item | 2 | |
| Right click | 303 | |
| Select / deselect | 336 | |
| Use ability | 48 | |
883 total
» units
| Acolyte | 8 | |
| Ghoul | 4 | |
| Crypt Fiend | 11 | |
| Meatwagon | 11 | |
34 total
» upgrades
| Creature Carapace | 1 | |
| Web | 1 | |
| Exhume Corpses | 1 | |
| Creature Attack | 1 | |
4 total
» buildings
| Crypt | 1 | |
| Ziggurat | 13 | |
| Altar of Darkness | 1 | |
| Graveyard | 1 | |
| Tomb of Relics | 1 | |
| Nerubian Tower | 1 | |
| Halls of the Dead | 1 | |
| Slaughterhouse | 1 | |
| Spirit Tower | 7 | |
| Necropolis | 1 | |
28 total
» build order
00:07 Crypt
00:09 Ziggurat
00:37 Altar of Darkness
01:06 Graveyard
01:39 Ziggurat
01:50 Tomb of Relics
02:36 Nerubian Tower
02:57 Halls of the Dead
03:12 Ziggurat
05:05 Ziggurat
05:25 Slaughterhouse
07:33 Ziggurat
08:23 Ziggurat
08:25 Ziggurat
08:30 Ziggurat
09:15 Ziggurat
11:00 Spirit Tower
11:01 Ziggurat
11:03 Ziggurat
11:08 Ziggurat
11:51 Ziggurat
12:50 Spirit Tower
13:58 Spirit Tower
13:59 Spirit Tower
14:06 Spirit Tower
14:49 Spirit Tower
15:28 Spirit Tower
16:18 Necropolis
» items
| Scroll of Town Portal | 1 | |
| Scroll of Protection | 1 | |
| Potion of Lesser Invulnerability | 1 | |
3 total
kevo461 (
pink | 65 APM | 1680 actions | 26:00)
3 Demon Hunter
2 Mana Burn
1 Evasion
2 Keeper of the Grove
1 Entangling Roots
1 Thorns Aura
» actions
| Assign group hotkey | 38 | |
| Basic commands | 169 | |
| Build / train | 85 | |
| Enter build submenu | 16 | |
| Enter hero's abilities submenu | 5 | |
| Give item / drop item | 4 | |
| Remove unit from queue | 19 | |
| Right click | 759 | |
| Select / deselect | 325 | |
| Select group hotkey | 188 | |
| Use ability | 72 | |
1680 total
» units
| Wisp | 23 | |
| Archer | -3 | |
| Huntress | 2 | |
| Druid of the Talon | 2 | |
| Glaive Thrower | 5 | |
| Druid of the Claw | 5 | |
| Faerie Dragon | -3 | |
| Dryad | 10 | |
41 total
» upgrades
| Improved Bows | 1 | |
| Druid of the Claw Training | 2 | |
| Strength of the Wild | 2 | |
| Ultravision | 1 | |
| Reinforced Hides | 1 | |
7 total
» buildings
| Altar of Elders | 1 | |
| Moon Well | 4 | |
| Ancient of War | 1 | |
| Ancient of Wonders | 1 | |
| Hunter's Hall | 1 | |
| Tree of Ages | 3 | |
| Tree of Eternity | 1 | |
| Ancient of Lore | 1 | |
| Ancient of Wind | 1 | |
| Tree of Life | 1 | |
| Chimaera Roost | 1 | |
| Ancient Protector | 2 | |
18 total
» build order
00:07 Altar of Elders
00:10 Moon Well
00:57 Ancient of War
01:53 Moon Well
02:47 Ancient of Wonders
02:57 Hunter's Hall
04:10 Tree of Ages
04:10 Tree of Ages
06:34 Tree of Eternity
06:43 Moon Well
06:47 Moon Well
07:25 Ancient of Lore
08:39 Ancient of Wind
17:48 Tree of Life
20:27 Chimaera Roost
23:58 Ancient Protector
24:04 Ancient Protector
» items
| Circlet of Nobility | 1 | |
| Staff of Teleportation | 1 | |
| Scroll of Town Portal | 1 | |
| Orb of Venom | 1 | |
| Staff of Preservation | 1 | |
5 total
Chat log
(00:01 / All) timg4strok: HEY
(00:03 / All) timg4strok: HEy
(00:03 / All) timg4strok: hey
(00:33 / All) timg4strok: Hello
(00:34 / All) kevo461: hey its the bros who tell stories
(00:41 / All) kevo461: how you doing? :P
(00:46 / All) DeRPALeRT: helllllllllllllol
(05:09 / All) BEAR_AND: are u guys ok
(05:12 / All) BEAR_AND: drunk maybe???
(05:21 / All) DeRPALeRT: grabbin beer
(05:23 / All) DeRPALeRT: 1 sec pls
(05:25 / All) timg4strok: Hold
(05:31 / All) kevo461: lol
(05:32 / All) HBW-StonerCraft: don't drop hack this time plz
(05:37 / All) BEAR_AND: lmao
(05:45 / All) BEAR_AND: you dropped one at a time
(05:48 / All) BEAR_AND: thats not how it works sorry
(06:01 / All) HBW-StonerCraft: u would know lol
(06:15 / All) BEAR_AND: been drophacked many time yes
(07:24 / Allies) BEAR_AND: Kreep This Kriss
(08:54 / All) BEAR_AND: attn BFI can u pick up this garbage please
(13:00 / All) BEAR_AND: is this your second game ever???
(13:18 / All) kevo461: not scared brah
(13:25 / All) BEAR_AND: you are awful???
(13:40 / All) kevo461: says tower boy
(13:55 / All) kevo461: having fun red?
(14:01 / All) BEAR_AND: yase
(18:15 / Allies) timg4strok: wood
(18:15 / All) BEAR_AND: lmao blue
(18:16 / All) BEAR_AND: ownage
(18:24 / All) kevo461: cool micro brah
(18:28 / All) kevo461: you should post it
(18:30 / All) BEAR_AND: we will
(18:32 / Allies) DeRPALeRT: wood
(18:32 / All) BEAR_AND: http://highper.ch/
(18:32 / All) timg4strok: cya
(18:34 / Allies) DeRPALeRT: massive wood please
(18:40 / All) kevo461: k yeah ill look bro
(18:49 / All) kevo461: im so interested
(18:52 / All) kevo461: keep talking plz
(18:54 / All) BEAR_AND: you like losing???
(18:57 / All) kevo461: how many posts u make?
(19:04 / All) BEAR_AND: couple hundred over all the years
(19:12 / All) BEAR_AND: how does losing make you feel
(19:18 / All) kevo461: indifferent
(19:21 / All) kevo461: cuz its a game
(19:24 / All) BEAR_AND: you like losing???
(19:28 / All) BEAR_AND: i just win
(19:39 / All) HBW-StonerCraft: losing doesn't count when its to towers rofl
(19:46 / All) BEAR_AND: rationalize all you like!
(19:54 / All) BEAR_AND: we'll take another win over shitnoobs
(19:55 / All) BEAR_AND: enjoy it
(20:02 / All) DeRPALeRT: hello
(20:06 / All) DeRPALeRT: guys i haven't been paying attention
(20:08 / All) HBW-StonerCraft: enjoy it son
(20:10 / All) AguaLung: bahaha, listen to this guy...
(20:12 / All) kevo461: is that the end of your story? o.O
(20:28 / All) HBW-StonerCraft: the difference between u and me is i'm getting laid tomorrow
(20:32 / All) BEAR_AND: i have many years left to live
(20:34 / All) kevo461: hey bros
(20:36 / All) BEAR_AND: my story continues to my end
(20:42 / All) kevo461: does it have a happy ending?
(20:46 / All) kevo461: when you go outside
(20:48 / All) kevo461: ?
(20:55 / All) BEAR_AND: is this about video games
(20:58 / All) HBW-StonerCraft: many years doesn't count when your life is pathetic lol
(21:01 / All) BEAR_AND: i mean we're all playing the same game
(21:20 / All) HBW-StonerCraft: raped
(21:20 / All) kevo461: :\
(21:37 / Allies) DeRPALeRT: wood me
(21:38 / Allies) DeRPALeRT: please
(22:24 / All) BEAR_AND: look @ these blocks
(22:26 / All) BEAR_AND: owned noob
(23:33 / All) BEAR_AND: lmao
(23:42 / All) BEAR_AND: hahahahahohoohho
(24:13 / All) DeRPALeRT: IT WAS A GOOD
(24:14 / All) DeRPALeRT: GAME
(24:20 / All) kevo461: not really lol
(24:58 / All) kevo461: chicken shit yellow lol
(25:02 / All) BEAR_AND: lol!!!
(25:08 / All) BEAR_AND: you like to lose , weird
(25:22 / All) kevo461: you like to play wc n get mad when you lose
(25:25 / All) BEAR_AND: huh
(25:26 / All) kevo461: thats even weirder
(25:31 / All) BEAR_AND: have you seen me lose
(25:37 / All) BEAR_AND: a: no, i always beat you lol
(25:40 / All) timg4strok: how is that possible i never lose.. . . . . . .
(25:59 / All) timg4strok: nice tp
(25:59 / All) BEAR_AND: GOOD TP